 Dungeon Sprint DCSS version 0.27-a0-1119-gbf574a6a6b (webtiles) character file.

Game seed: 12255682182292101511

7951 mhtbhm the Eclecticist (level 11, -13/54 HPs)
             Began as a Deep Elf Fire Elementalist on May 2, 2021.
             Was a High Priest of Vehumet.
             Shot with an arrow by a deep elf master archer (33 damage)
             ... in the Dungeon (Sprint III: "The Ten Rune Challenge").
             The game lasted 00:06:19 (2388 turns).

mhtbhm the Eclecticist (Deep Elf Fire Elementalist) Turns: 2388, Time: 00:06:19

Health: -13/54     AC:  4    Str:  5    XL:     11   Next: 3%
Magic:  15/35      EV: 16    Int: 24    God:    Vehumet [*****.]
Gold:   2633       SH:  0    Dex: 15    Spells: 25/46 levels left

rFire    . . .     SeeInvis .   (no weapon)
rCold    . . .     Faith    .   (no shield)
rNeg     + . .     Spirit   .   a - +2 robe {rN+}
rPois    .         Reflect  .   (no helmet)
rElec    .         Harm     .   (no cloak)
rCorr    .         Rampage  .   (no gloves)
Will     +....     NoTele   +   (no boots)
Stlth    ++........             (no amulet)
HPRegen  0.18/turn              (no ring)
MPRegen  0.24/turn              (no ring)

@: no status effects
A: no striking features
a: Renounce Religion


You were in the Dungeon.
You worshipped Vehumet.
Vehumet was extremely pleased with you.
You visited 1 branch You collected 2633 gold pieces.

Inventory:

Armour
 a - a +2 robe of positive energy (worn)
Scrolls
 b - a scroll of holy word {unknown}
 h - a scroll of blinking
 i - 2 scrolls of identify {unknown}
 k - a scroll of immolation {unknown}
Potions
 c - 2 potions of curing
 d - a potion of heal wounds
 g - 2 potions of berserk rage
 j - a potion of resistance {unknown}
 l - 2 potions of flight
 m - 5 potions of mutation
 n - a potion of might
Miscellaneous
 o - a phantom mirror (inert)


   Skills:
 + Level 7.8 Dodging
 - Level 2.8 Stealth
 + Level 18.4 Spellcasting
 + Level 14.6 Conjurations
 + Level 17.1 Fire Magic
 + Level 1.5 Evocations


You had 25 spell levels left.
You knew the following spells:

 Your Spells              Type           Power      Damage    Failure   Level
a - Foxfire               Conj/Fire      100%       2x1d9     0%          1
b - Conjure Flame         Conj/Fire      78%        6-21      0%          3
c - Inner Flame           Hex/Fire       58%        N/A       1%          3
d - Sticky Flame          Conj/Fire      78%        2d9       1%          4
e - Fireball              Conj/Fire      39%        3d16      1%          5
f - Lee's Rapid Deconstr  Erth           11%        3d9*      16%         5

Your spell library contained the following spells:

 Spells                   Type           Power      Damage    Failure   Level
 Conjure Ball Lightning   Conj/Air       27%        3x3d8     4%          6
 Animate Skeleton         Necr           44%        N/A       2%          1
 Apportation              Tloc           44%        N/A       2%          1
 Corona                   Hex            24%        N/A       2%          1
 Summon Small Mammal      Summ           88%        N/A       2%          1
 Confusing Touch          Hex            22%        N/A       7%          3
 Gell's Gravitas          Tloc           11%        N/A       7%          3
 Yara's Violent Unravell  Hex/Tmut       11%        3d6       16%         5
 Petrify                  Tmut/Erth      22%        N/A       22%         4
 Metabolic Englaciation   Hex/Ice        11%        N/A       52%         5


Dungeon Overview and Level Annotations

Branches:
Dungeon (1/1)

Altars:
Cheibriados
Dithmenos
Elyvilon
Fedhas
Gozag
Hepliaklqana
Kikubaaqudgha
Makhleb
Nemelex Xobeh
Okawaru
Qazlal
Ru
Sif Muna
Trog
Uskayaw
Vehumet
Wu Jian
Xom
Yredelemnul
Zin
The Shining One
Beogh
Jiyva
Lugonu

Shops:
D !


Message History

Aim: a deep elf annihilator, wielding a +3 vorpal battleaxe, wearing a +1 robe of poison resistance and wearing the amulet "Tiapsaufiy" {Regen+ Dex+4} (heavily wounded)
The fireball explodes!
The fireball engulfs the deep elf annihilator!!
The deep elf annihilator is almost dead.
The deep elf annihilator gestures wildly while chanting.
The deep elf annihilator blinks!
Unknown command.
Unknown command.
Unknown command.
Casting: Fireball (safe; 1% risk of failure)
Confirm with . or Enter, or press ? or * to list all spells.
Aiming: Fireball (safe; 1% risk of failure)
Press: ? - help, Shift-Dir - straight line, f/p - deep elf annihilator
Aim: a deep elf annihilator, wielding a +3 vorpal battleaxe, wearing a +1 robe of poison resistance and wearing the amulet "Tiapsaufiy" {Regen+ Dex+4} (steam, almost dead)
The fireball explodes!
The fireball engulfs the deep elf annihilator!
You kill the deep elf annihilator!
Vehumet accepts your kill.
You hear a shout!
Your Fire Magic skill increases to level 17!
You have reached level 11!
Unknown command.
Unknown command.
You start resting.
A deep elf master archer is nearby!
Unknown command.
Aiming: Phantom Mirror
Press: ? - help, Dir - move target, f - deep elf master archer
Aim: a deep elf master archer, wielding a +0 longbow, wearing a +2 chain mail of poison resistance and quivering arrows You reflect the deep elf master archer with the mirror!
The mirror clouds!
Your deep elf master archer shoots an arrow.
The arrow hits the deep elf master archer!!
The deep elf master archer shoots an arrow.
The arrow hits you!!
Ouch! That really hurt!
The deep elf master archer shoots an arrow.
The arrow hits you!!
Ouch! That really hurt!
You die...

▓▓▓ # #####.##########
### ###.#...∩..).#...#
.)ee
#.)))......#.#...##≈≈≈≈#
#.))).....##.#...≈≈≈).))
#.))......##.#..@##≈≈≈≈#
#.#..####.##.))..# ..'
#.#.## ########## #
#§##### #..§≈§+ #§#§§≈#
'[#§§§# #.#§§.# ▓▓▓ ▓▓▓


You could see a deep elf master archer (ally target) and a friendly deep elf
master archer (summoned, drained).

Vanquished Creatures
  2 deep elf demonologists (D)
  A deep elf annihilator (D)
  Snorg (D)
  6 deep elf pyromancers (D)
  A deep elf zephyrmancer (D)
  An orc sorcerer (D)
  A shadow (D)
  A spatial vortex (D)
  A necrophage (D)
  A water elemental (D)
  A jelly (D)
  5 orc priests (D)
  A wizard (D)
  3 orc wizards (D)
  A necromancer (D)
  A kobold demonologist (D)
  3 humans (D)
  A wolf (D)
  9 orcs (D)
  An endoplasm (D)
  3 rats (D)
45 creatures vanquished.

Vanquished Creatures (others)
  50 foxfires (D)
50 creatures vanquished.

Grand Total: 95 creatures vanquished

Notes
Turn   | Place    | Note
-------+----------+-------------------------------------------
     0 | D        | mhtbhm the Deep Elf Fire Elementalist began the quest for
                  | the Orb.
     0 | D        | Reached XP level 1. HP: 10/10 MP: 6/6
   160 | D        | Reached skill level 4 in Spellcasting
   160 | D        | Reached skill level 5 in Fire Magic
   160 | D        | Reached XP level 2. HP: 8/15 MP: 0/9
   317 | D        | Reached skill level 5 in Spellcasting
   317 | D        | Reached XP level 3. HP: 19/19 MP: 4/11
   321 | D        | Learned a level 3 spell: Conjure Flame
   326 | D        | Learned a level 3 spell: Inner Flame
   404 | D        | Noticed a water elemental
   409 | D        | Killed a water elemental
   410 | D        | Reached skill level 6 in Spellcasting
   410 | D        | Reached XP level 4. HP: 24/24 MP: 8/14
   456 | D        | Learned a level 4 spell: Sticky Flame
   465 | D        | Found a radiant altar of Vehumet.
   465 | D        | Found a shimmering blue altar of Sif Muna.
   465 | D        | Found an ancient bone altar of Kikubaaqudgha.
   465 | D        | Noticed a wizard
   477 | D        | Killed a wizard
   478 | D        | Reached skill level 7 in Spellcasting
   482 | D        | Reached XP level 5. HP: 20/28 MP: 2/17
   492 | D        | Became a worshipper of Vehumet
   630 | D        | Learned a level 5 spell: Fireball
   642 | D        | Found a basalt altar of Yredelemnul.
   642 | D        | Found a shadowy altar of Dithmenos.
   642 | D        | Found a sacrificial altar of Ru.
   642 | D        | Noticed a necrophage
   647 | D        | Killed a necrophage
   648 | D        | Reached skill level 5 in Dodging
   648 | D        | Reached skill level 9 in Spellcasting
   735 | D        | Found a hide-covered altar of Uskayaw.
   735 | D        | Found an iron altar of Okawaru.
   735 | D        | Found a bloodstained altar of Trog.
   735 | D        | Found an ornate altar of the Wu Jian Council.
   735 | D        | Noticed a human
   735 | D        | Noticed a human
   737 | D        | Killed a human
   737 | D        | Reached * piety under Vehumet
   737 | D        | Offered knowledge of Shock by Vehumet.
   738 | D        | Reached skill level 10 in Spellcasting
   738 | D        | Reached skill level 10 in Fire Magic
   738 | D        | Reached XP level 6. HP: 32/32 MP: 11/21
   739 | D        | Killed a human
   740 | D        | Reached skill level 11 in Spellcasting
   740 | D        | Reached XP level 7. HP: 36/36 MP: 2/23
   884 | D        | Found a glowing silver altar of Zin.
   884 | D        | Found a glowing golden altar of the Shining One.
   884 | D        | Found a white marble altar of Elyvilon.
   884 | D        | Noticed a deep elf pyromancer
   887 | D        | Killed a deep elf pyromancer
   888 | D        | Reached skill level 12 in Spellcasting
  1019 | D        | Noticed a shadow
  1021 | D        | Killed a shadow
  1021 | D        | Offered knowledge of Static Discharge by Vehumet.
  1021 | D        | Reached ** piety under Vehumet
  1022 | D        | Reached XP level 8. HP: 41/41 MP: 13/26
  1086 | D        | Found a blossoming altar of Fedhas.
  1086 | D        | Found a stormy altar of Qazlal.
  1086 | D        | Found a snail-covered altar of Cheibriados.
  1086 | D        | Found a burning altar of Makhleb.
  1086 | D        | Found a shimmering altar of Xom.
  1087 | D        | Found a hazy altar of Hepliaklqana.
  1087 | D        | Found an opulent altar of Gozag.
  1087 | D        | Found a sparkling altar of Nemelex Xobeh.
  1087 | D        | Found a corrupted altar of Lugonu.
  1087 | D        | Found a viscous altar of Jiyva.
  1096 | D        | Reached skill level 13 in Spellcasting
  1234 | D        | Noticed Snorg
  1244 | D        | Killed Snorg
  1244 | D        | Offered knowledge of Dazzling Flash by Vehumet.
  1245 | D        | Reached skill level 14 in Spellcasting
  1245 | D        | Reached skill level 10 in Conjurations
  1245 | D        | Reached XP level 9. HP: 15/45 MP: 12/29
  1461 | D        | Reached *** piety under Vehumet
  1462 | D        | Offered knowledge of Airstrike by Vehumet.
  1464 | D        | Reached **** piety under Vehumet
  1474 | D        | Reached ***** piety under Vehumet
  1475 | D        | Noticed an orc sorcerer
  1490 | D        | Killed an orc sorcerer
  1491 | D        | Reached skill level 15 in Spellcasting
  1697 | D        | Found Unotesh's Distillery.
  1744 | D        | Noticed a deep elf pyromancer
  1744 | D        | Noticed a deep elf pyromancer
  1744 | D        | Noticed a deep elf pyromancer
  1744 | D        | Noticed a deep elf pyromancer
  1744 | D        | Noticed a deep elf pyromancer
  1755 | D        | Killed a deep elf pyromancer
  1755 | D        | Offered knowledge of Lee's Rapid Deconstruction by Vehumet.
  1758 | D        | Killed a deep elf pyromancer
  1760 | D        | Killed a deep elf pyromancer
  1760 | D        | Killed a deep elf pyromancer
  1761 | D        | Reached skill level 16 in Spellcasting
  1761 | D        | Reached skill level 15 in Fire Magic
  1761 | D        | Reached XP level 10. HP: 50/50 MP: 5/32
  1761 | D        | Killed a deep elf pyromancer
  1762 | D        | Reached skill level 1 in Evocations
  1900 | D        | Learned a level 5 spell: Lee's Rapid Deconstruction
  1900 | D        | Noticed a deep elf demonologist
  1900 | D        | Noticed a deep elf high priest
  1900 | D        | Identified the +11 rapier "Miblosko" {freeze, Stlth+}
  1900 | D        | Noticed a deep elf zephyrmancer
  1900 | D        | Noticed a deep elf death mage
  1990 | D        | Noticed a deep elf master archer
  2202 | D        | Killed a deep elf zephyrmancer
  2202 | D        | Offered knowledge of Conjure Ball Lightning by Vehumet.
  2203 | D        | Reached skill level 17 in Spellcasting
  2206 | D        | Noticed a deep elf demonologist
  2209 | D        | Killed a deep elf demonologist
  2211 | D        | Identified the amulet "Tiapsaufiy" {Regen+ Dex+4}
  2211 | D        | Noticed a deep elf annihilator
  2343 | D        | Killed a deep elf demonologist
  2344 | D        | Reached skill level 18 in Spellcasting
  2365 | D        | Killed a deep elf annihilator
  2366 | D        | Reached XP level 11. HP: 54/54 MP: 10/35
  2388 | D        | Shot with an arrow by a deep elf master archer

Illustrated notes

Levels and vault maps discovered:
D:        dungeon_sprint_mu [sprint_mu_entry_forest, sprint_mu_temple_rooms,
          sprint_mu_d1_horrors, sprint_mu_d2_genie, sprint_mu_d3_branching,
          sprint_mu_orc_legion, sprint_mu_elf_gauntlet, sprint_mu_hive_nellie,
          sprint_mu_lair_fedhas, sprint_mu_vaults_butterflies,
          sprint_mu_slime_circle, sprint_mu_swamp_cave, sprint_mu_snake_twists,
          sprint_mu_blade_basic, sprint_mu_crypt_fortress,
          sprint_mu_tomb_spiral, sprint_mu_vestibule_basic,
          sprint_mu_gehenna_hellfire, sprint_mu_dis_giant,
          sprint_mu_tartarus_statrot, sprint_mu_cocytus_islands, sprint_mu_zot1]

Skill      XL: |  1  2  3  4  5  6  7  8  9 10 |
---------------+-------------------------------+-----
Fire Magic     | 5 7 8 10 12 13 15 17 | 17.1
Dodging        | 3 4 6 7 |  7.8
Spellcasting   | 4 5 6 7 10 11 12 14 16 18 | 18.4
Conjurations   | 2 3 6 9 10 13 14 | 14.6
Evocations     | 1 |  1.5
Stealth        | |  2.8

Action                   |  1- 3 |  4- 6 |  7- 9 | 10-12 || total
-------------------------+-------+-------+-------+-------++-------
Melee: Unarmed           |     2 |       |     1 |       ||     3
 Cast: Foxfire           |    25 |     6 |     2 |       ||    33
       Sticky Flame      |       |     6 |     5 |       ||    11
       Fireball          |       |     3 |    31 |    15 ||    49
Evoke: Phantom mirror    |       |       |     1 |     1 ||     2
  Use: Potion            |       |       |     4 |       ||     4
Armor: Robe              |     3 |       |       |       ||     3
Dodge: Dodged            |     6 |     3 |     2 |       ||    11

Table legend: (Time is in decaauts)
 A = Elapsed time spent in this place.
 B = Non-inter-level travel time spent in this place.
 C = Inter-level travel time spent in this place.
 D = Time resting spent in this place.
 E = Time spent auto-exploring this place.
 F = Levels seen in this place.
 G = Mean time per level.
                   A        B        C        D        E       F      G
               +--------+--------+--------+--------+--------+-----+--------+
         Total |   2373 |   2373 |      0 |   1891 |      0 |   1 | 2373.0 |
       Dungeon |   2373 |   2373 |      0 |   1891 |      0 |   1 | 2373.0 |
               +--------+--------+--------+--------+--------+-----+--------+

Top non-repeatable levels by time:
       D: 2373 daAuts
